 Dungeon Crawl Stone Soup version 0.21.1-1-g345015f (webtiles) character file.

552 teukkam the Fighter (level 7, -6/67 HPs)
             Began as a Gnoll Wanderer on Feb 13, 2018.
             Was a Believer of Dithmenos.
             Mangled by Duvessa
             ... wielding a +1 short sword of speed
              (11 damage)
             ... on level 5 of the Dungeon.
             The game lasted 00:14:31 (2435 turns).

teukkam the Fighter (Gnoll Wanderer)                Turns: 2435, Time: 00:14:32

Health: -6/67      AC:  7    Str: 15    XL:     7   Next: 29%
Magic:  3/3        EV: 16    Int: 21    God:    Dithmenos [**....]
Gold:   224        SH:  0    Dex: 18    Spells: 10/10 levels left

rFire    . . .     SeeInvis .   a - +2 hand axe (antimagic)
rCold    . . .     Gourm    .   (no shield)
rNeg     . . .     Faith    .   r - +0 scale mail
rPois    .         Spirit   .   (helmet restricted)
rElec    .         Reflect  .   o - scarf {repulsion}
rCorr    .         Harm     .   (no gloves)
MR       .....                  u - +0 pair of boots
Stlth    +++.......             (no amulet)
HPRegen  0.21/turn              p - +4 ring of intelligence
MPRegen  0.08/turn              (no ring)

@: agile, berserk cooldown, slowed, wreathed by umbra, drained, repel missiles,
very slow
A: distributed training, fangs 1, horns 1, blurry vision 1, strong nose
a: Shadow Step, Renounce Religion


You were on level 5 of the Dungeon.
You worshipped Dithmenos.
Dithmenos was pleased with you.
You were not hungry.

You visited 1 branch of the dungeon, and saw 5 of its levels.

You collected 224 gold pieces.

Inventory:

Hand Weapons
 a - a +2 antimagic hand axe (weapon)
 b - a +2 hand axe
 q - a +0 hand axe
 v - a +0 flail of crushing
 x - a +0 hand crossbow
Missiles
 l - 21 poisoned needles
Armour
 c - a +0 helmet
 o - a scarf of repulsion (worn)
 r - a +0 scale mail (worn)
 u - a +0 pair of boots (worn)
Jewellery
 p - a +4 ring of intelligence (left hand)
Scrolls
 e - a scroll of fear
 f - 2 scrolls of amnesia
 g - 2 scrolls of identify
 j - 3 scrolls of remove curse
 k - a scroll of enchant armour {unknown}
 t - a scroll of teleportation
Potions
 m - a potion of berserk rage
 n - 2 potions of mutation
Books
 i - a book of Cantrips

   Spells                             Type                      Level
   a - Confusing Touch                Hexes                        1
   b - Animate Skeleton               Necromancy                   1
   c - Summon Small Mammal            Summoning                    1
   d - Apportation                    Translocation                1
 w - a book of Misfortune

   Spells                             Type                      Level
   a - Confusing Touch                Hexes                        1
   b - Confuse                        Hexes                        3
   c - Gell's Gravitas                Translocation                3
   d - Petrify                        Transmutation/Earth          4
   e - Metabolic Englaciation         Hexes/Ice                    5
   f - Yara's Violent Unravelling     Hexes/Transmutation          5
Comestibles
 d - 3 rations
 z - a chunk of flesh


   Skills:
 + Level 10.6(10.3) Fighting
 + Level 2.3(2.1) Short Blades
 + Level 2.3(2.1) Long Blades
 + Level 5.2(5.0) Axes
 + Level 2.3(2.1) Maces & Flails
 + Level 2.3(2.1) Polearms
 + Level 2.3(2.1) Staves
 + Level 2.3(2.1) Slings
 + Level 2.3(2.1) Bows
 + Level 2.3(2.1) Crossbows
 + Level 2.3(2.1) Throwing
 + Level 2.3(2.1) Armour
 + Level 3.5(3.3) Dodging
 + Level 3.3(3.1) Stealth
 + Level 2.3(2.1) Shields
 + Level 2.3(2.1) Unarmed Combat
 + Level 2.3(2.1) Spellcasting
 + Level 1.9(1.7) Conjurations
 + Level 1.9(1.7) Hexes
 + Level 1.9(1.7) Charms
 + Level 1.9(1.7) Summonings
 + Level 1.9(1.7) Necromancy
 + Level 1.9(1.7) Translocations
 + Level 1.9(1.7) Transmutations
 + Level 1.9(1.7) Fire Magic
 + Level 1.9(1.7) Ice Magic
 + Level 1.9(1.7) Air Magic
 + Level 1.9(1.7) Earth Magic
 + Level 1.9(1.7) Poison Magic
 + Level 2.6(2.4) Invocations
 + Level 3.5(3.3) Evocations


You had 10 spell levels left.
You didn't know any spells.

Dungeon Overview and Level Annotations

Branches:
Dungeon (5/15)
 Temple: D:4-7

Altars:
Dithmenos
Nemelex Xobeh
Okawaru

Annotations:
D:5 Duvessa


Innate Abilities, Weirdness & Mutations

Your experience applies equally to all skills.
You have very sharp teeth.
Your uncanny sense of smell can sniff out nearby items.
You have a pair of small horns on your head.
Scrolls take you a little longer to read.


Message History

Duvessa misses you. Duvessa hits you but does no damage.
You aren't carrying any items that you can evoke.
You barely miss Duvessa. You headbutt Duvessa, but do no damage.
Duvessa is moderately wounded.
Duvessa closely misses you. x2; Duvessa misses you.
You slash Duvessa!
Duvessa is heavily wounded.
Duvessa hits you but does no damage. Duvessa closely misses you.
Duvessa hits you with a short sword of speed!
* * * LOW HITPOINT WARNING * * *
Okay, then.
You barely miss Duvessa. Your headbutt misses Duvessa.
Duvessa is heavily wounded.
Duvessa misses you. Duvessa barely misses you.
You hit Duvessa. You headbutt Duvessa.
Duvessa is heavily wounded.
Duvessa hits you with a short sword of speed.
* * * LOW HITPOINT WARNING * * *
Duvessa hits you with a short sword of speed!
You die...

#.....####.####.....#
#.....####.# #######
#.#...)....#
#...#.####'## ...
#.###...## #.#
#.##.....## #.
#.#.......## ##. #
...........####.....
............e@.!.....
.#..........####...##
#.#.......## ##
#.##.....## ##...##
##+##


You could see Duvessa (berserk).

Vanquished Creatures
  An ogre (D:5)
  Dowan (D:5)
  A centaur zombie (D:2)
  An orc priest (D:3)
  A bullfrog skeleton (D:4)
  5 orc wizards
  5 adders
  4 gnolls (D:3)
  4 oozes
  2 dart slugs
  A leopard gecko (D:2)
  10 orcs
  2 ball pythons
  4 giant cockroaches (D:2)
  7 goblins
  12 hobgoblins
  2 jackals (D:3)
  6 quokkas
  8 bats
  5 frilled lizards
  6 kobolds
  8 rats
96 creatures vanquished.

Notes
Turn   | Place    | Note
-------+----------+-------------------------------------------
     0 | D:1      | Reached skill level 10 in Fighting
     0 | D:1      | teukkam the Gnoll Wanderer began the quest for the Orb.
     0 | D:1      | teukkam set off with: a +2 hand axe, 2 scrolls of teleportation, a +0 robe, a ration
     0 | D:1      | Reached XP level 1. HP: 28/28 MP: 2/2
    97 | D:1      | Reached XP level 2. HP: 34/36 MP: 3/3
   372 | D:2      | Reached XP level 3. HP: 42/42 MP: 4/4
   457 | D:2      | Reached skill level 1 in Invocations
   616 | D:2      | Reached skill level 1 in Short Blades
   616 | D:2      | Reached skill level 1 in Long Blades
   616 | D:2      | Reached skill level 1 in Maces & Flails
   616 | D:2      | Reached skill level 1 in Polearms
   616 | D:2      | Reached skill level 1 in Staves
   616 | D:2      | Reached skill level 1 in Slings
   616 | D:2      | Reached skill level 1 in Bows
   616 | D:2      | Reached skill level 1 in Crossbows
   616 | D:2      | Reached skill level 1 in Throwing
   616 | D:2      | Reached skill level 1 in Armour
   616 | D:2      | Reached skill level 1 in Shields
   616 | D:2      | Reached skill level 1 in Unarmed Combat
   616 | D:2      | Reached skill level 1 in Spellcasting
   616 | D:2      | Reached XP level 4. HP: 42/48 MP: 4/6
   729 | D:2      | Reached skill level 1 in Conjurations
   729 | D:2      | Reached skill level 1 in Hexes
   729 | D:2      | Reached skill level 1 in Charms
   729 | D:2      | Reached skill level 1 in Summonings
   729 | D:2      | Reached skill level 1 in Necromancy
   729 | D:2      | Reached skill level 1 in Translocations
   729 | D:2      | Reached skill level 1 in Transmutations
   729 | D:2      | Reached skill level 1 in Fire Magic
   729 | D:2      | Reached skill level 1 in Ice Magic
   729 | D:2      | Reached skill level 1 in Air Magic
   729 | D:2      | Reached skill level 1 in Earth Magic
   729 | D:2      | Reached skill level 1 in Poison Magic
   826 | D:2      | Found a sparkling altar of Nemelex Xobeh.
   836 | D:2      | Became a worshipper of Nemelex Xobeh the Trickster
  1060 | D:2      | Received a gift from Nemelex Xobeh
  1282 | D:3      | Reached XP level 5. HP: 54/54 MP: 7/7
  1390 | D:3      | Found an iron altar of Okawaru.
  1499 | D:3      | Found a faded altar of an unknown god.
  1524 | D:3      | Fell from the grace of Nemelex Xobeh
  1524 | D:3      | Became a worshipper of Dithmenos the Shadowed
  1524 | D:3      | Reached * piety under Dithmenos
  1684 | D:3      | Reached XP level 6. HP: 55/61 MP: 8/8
  1968 | D:3      | Reached ** piety under Dithmenos
  1968 | D:3      | Reached skill level 5 in Axes
  2073 | D:4      | Found a shadowy altar of Dithmenos.
  2255 | D:4      | Noticed a smoke demon
  2270 | D:5      | Entered Level 5 of the Dungeon
  2302 | D:5      | Reached XP level 7. HP: 50/67 MP: 3/10
  2385 | D:5      | Noticed Dowan
  2405 | D:5      | Killed Dowan
  2422 | D:5      | Noticed Duvessa
  2426 | D:5      | Gained mutation: Scrolls take you a little longer to read. [potion of mutation]
  2426 | D:5      | Gained mutation: You have a pair of small horns on your head. [potion of mutation]
  2435 | D:5      | Mangled by Duvessa

Skill      XL: |  1  2  3  4  5  6 |
---------------+-------------------+-----
Fighting       | | 10.6
Invocations    | 1 2 |  2.6
Short Blades   | 1 2 |  2.3
Long Blades    | 1 2 |  2.3
Maces & Flails | 1 2 |  2.3
Polearms       | 1 2 |  2.3
Staves         | 1 2 |  2.3
Slings         | 1 2 |  2.3
Bows           | 1 2 |  2.3
Crossbows      | 1 2 |  2.3
Throwing       | 1 2 |  2.3
Armour         | 1 2 |  2.3
Shields        | 1 2 |  2.3
Unarmed Combat | 1 2 |  2.3
Spellcasting   | 1 2 |  2.3
Conjurations   | 1 |  1.9
Hexes          | 1 |  1.9
Charms         | 1 |  1.9
Summonings     | 1 |  1.9
Necromancy     | 1 |  1.9
Translocations | 1 |  1.9
Transmutations | 1 |  1.9
Fire Magic     | 1 |  1.9
Ice Magic      | 1 |  1.9
Air Magic      | 1 |  1.9
Earth Magic    | 1 |  1.9
Poison Magic   | 1 |  1.9
Dodging        | 3 |  3.5
Evocations     | 3 |  3.5
Stealth        | 3 |  3.3
Axes           | 5 |  5.2

Action                   |  1- 3 |  4- 6 |  7- 9 || total
-------------------------+-------+-------+-------++-------
Melee: Hand axe          |    70 |   209 |    13 ||   292
       Bite              |     4 |    19 |     1 ||    24
       Punch             |       |     1 |       ||     1
       Headbutt          |       |       |     4 ||     4
  Use: Scroll            |       |     6 |       ||     6
       Potion            |       |       |     4 ||     4
 Stab: Sleeping          |     4 |       |       ||     4
  Eat: Chunk             |       |     3 |     1 ||     4
       Ration            |       |     1 |       ||     1
Armor: Robe              |     3 |       |       ||     3
       Leather armour    |    17 |     6 |       ||    23
       Scale mail        |       |    76 |     4 ||    80
Dodge: Dodged            |    46 |   132 |    14 ||   192
       Deflected         |       |     3 |       ||     3
